 Dungeon Crawl Stone Soup version 0.29.1-1-gd02db6906a (webtiles) character file.

Game seed: 9880130418669631935

168 Acheron the Sneak (level 5, -5/49 HPs)
             Began as a Troll Brigand on Oct 22, 2022.
             Slain by a water moccasin (8 damage)
             ... on level 6 of the Dungeon.
             The game lasted 00:09:14 (1757 turns).

Acheron the Sneak (Troll Brigand)                   Turns: 1757, Time: 00:09:15

Health: -5/49      AC:  5    Str: 19    XL:     5   Next: 23%
Magic:  4/4        EV: 10    Int:  7    God:
Gold:   144        SH:  0    Dex: 13    Spells: 4/4 levels left

rFire   . . .      SeeInvis .   q - +2 war axe (freeze)
rCold   . . .      Faith    .   (no shield)
rNeg    . . .      Spirit   .   b - +0 robe
rPois   .          Reflect  .   (helmet restricted)
rElec   .          Harm     .   c - +0 cloak
rCorr   .          Rampage  .   (gloves unavailable)
Will    .....                   (boots unavailable)
Stlth   ++........              (no amulet)
HPRegen 0.96/turn               (no ring)
MPRegen 0.09/turn               (no ring)

@: lethally poisoned (-5 -> -19), invisible
A: large, unfitting armour, claws 3, regeneration 1, shaggy fur 1, tough skin 1
a: no special abilities


You were on level 6 of the Dungeon.
You visited 1 branch of the dungeon, and saw 7 of its levels.

You collected 144 gold pieces.

Inventory:

Hand Weapons
 a - a +2 dagger
 g - a +1 spear of venom
 m - a +0 mace
 q - a +2 war axe of freezing (weapon)
Missiles
 d - 14 poisoned darts (quivered)
 e - 3 curare-tipped darts
 f - 7 stones
Armour
 b - a +0 robe (worn)
 c - a +0 cloak (worn)
Jewellery
 s - the amulet "Tinofoare" {rPois Regen+ Int+4}
   (You found it on level 4 of the Dungeon)

   [amulet of regeneration]

   Int:       It affects your intelligence (+4).
   rPois:     It protects you from poison.
   Regen:     It increases your rate of health regeneration.
Wands
 p - a wand of iceblast (13)
 t - a wand of mindburst (15)
Scrolls
 l - a scroll of brand weapon {unknown}
Potions
 h - a potion of degeneration {unknown}
 k - 2 potions of cancellation {unknown}
 n - a potion of mutation {unknown}
 o - a potion of flight {unknown}
 r - 2 potions of brilliance {unknown}


   Skills:
 * Level 2.0 Fighting
 + Level 1.6 Short Blades
 * Level 0.5 Polearms
 * Level 2.5 Throwing
 * Level 1.5 Dodging
 * Level 3.0 Stealth
 + Level 1.1 Unarmed Combat
 * Level 0.7 Evocations


You had 4 spell levels left.
You didn't know any spells.
Your spell library contained the following spells:

 Spells                   Type           Power      Damage    Failure   Level
 Ensorcelled Hibernation  Hex/Ice        0%         N/A       56%         2
 Static Discharge         Conj/Air       0%         3-3/arc   56%         2
 Confusing Touch          Hex            0%         N/A       80%         3
 Spider Form              Tmut/Pois      0%         N/A       80%         3
 Anguish                  Hex/Necr       0%         N/A       99%         4
 Lightning Bolt           Conj/Air       0%         1d11      100%        5
 Yara's Violent Unravell  Hex/Tmut       0%         3d3       100%        5
 Enfeeble                 Hex            0%         N/A       100%        7
 Maxwell's Capacitive Co  Air            0%         ∞         100%        8


Dungeon Overview and Level Annotations

Branches:
Dungeon (7/15)
 Temple: D:4-7

Altars:
Dithmenos
Qazlal
Vehumet

Annotations:
D:4 Ijyb


Innate Abilities, Weirdness & Mutations

You are too large for most types of armour.
You have claws for hands.
Your natural rate of healing is unusually fast.
You are covered in fur. (AC +1)
You have tough skin. (AC +1)


Message History

The water moccasin is moderately wounded.
You feel sick. The water moccasin bites you.
* * * LOW HITPOINT WARNING * * *
The water moccasin bites you but does no damage.
You closely miss the water moccasin.
The water moccasin is moderately wounded.
You feel sick. The water moccasin bites you.
* * * LOW HITPOINT WARNING * * *
You are lethally poisoned!
The water moccasin poisons you!
You feel better.
The water moccasin bites you but does no damage.
The water moccasin barely misses you.
Aiming: Mindburst
Press: ? - help, Shift-Dir - straight line, f - water moccasin
Aim: a water moccasin (moderately wounded, chance to affect: 67%)
The water moccasin struggles to resist.
The water moccasin barely misses you.
Aiming: Mindburst
Press: ? - help, Shift-Dir - straight line, f/p - water moccasin
Aim: a water moccasin (moderately wounded, chance to affect: 67%)
The water moccasin struggles to resist.
The water moccasin barely misses you.
Your +1 spear of venom stops dripping with poison.
Your +2 war axe of freezing glows with a cold blue light!
q - a +2 war axe of freezing (weapon)
The water moccasin bites you.
* * * LOW HITPOINT WARNING * * *
You are poisoned.
The water moccasin poisons you!
You closely miss the water moccasin.
The water moccasin is moderately wounded.
You feel very sick. The water moccasin barely misses you.
The water moccasin bites you.
* * * LOW HITPOINT WARNING * * *
You are lethally poisoned!
The water moccasin poisons you!
You fade into invisibility!
* * * LOW HITPOINT WARNING * * *
You feel very sick. The water moccasin bites you!
You die...

..#########
..........####
......S@....>##
..............#
.######.#.##..#
#.#.##..#
....##..#
.#.####..#
#.#.......# #
######.##
#......# #.#


You could see a water moccasin (unable to see you).

Vanquished Creatures
  3 hounds
  4 adders
  3 orcs
  3 ball pythons
  An endoplasm (D:1)
  3 giant cockroaches
  5 goblins
  3 hobgoblins
  3 kobolds
  A quokka (D:3)
  2 bats
  5 frilled lizards
  4 rats
40 creatures vanquished.

Notes
Turn   | Place    | Note
-------+----------+-------------------------------------------
     0 | D:1      | Acheron the Troll Brigand began the quest for the Orb.
     0 | D:1      | Reached XP level 1. HP: 19/19 MP: 0/0
   329 | D:1      | Reached XP level 2. HP: 27/27 MP: 1/1
   349 | D:1      | Found a faded altar of an unknown god.
   643 | D:3      | Found a shadowy altar of Dithmenos.
   692 | D:2      | Reached skill level 1 in Dodging
   702 | D:2      | Reached XP level 3. HP: 35/35 MP: 2/2
   868 | D:3      | Found a radiant altar of Vehumet.
  1049 | D:4      | Reached XP level 4. HP: 28/42 MP: 3/3
  1107 | D:4      | Identified the amulet "Tinofoare" {rPois Regen+ Int+4}
  1394 | D:5      | Entered Level 5 of the Dungeon
  1429 | D:4      | Found a stormy altar of Qazlal.
  1435 | D:4      | Noticed Ijyb
  1501 | D:5      | Reached skill level 1 in Unarmed Combat
  1538 | D:5      | Noticed an ogre
  1613 | D:6      | Noticed a black bear
  1629 | D:6      | Reached skill level 3 in Stealth
  1629 | D:6      | Reached XP level 5. HP: 47/49 MP: 4/4
  1736 | D:6      | Noticed a water moccasin
  1757 | D:6      | Slain by a water moccasin

Illustrated notes

Levels and vault maps discovered:
D:1:      dpeg_arrival_rhombi, layout_rooms,
          shapermc_ecumenical_altar_mp_vishouse, serial_park_tiny_2
D:2:      layout_rooms
D:3:      layout_basic, nicolae_vehumet_radiance,
          mainiacjoe_overflow_small_starburst, cheibrodos_gnoll_hut
D:4:      layout_gridville, amcnicky_altar_gilded,
          mainiacjoe_overflow_tiny_flanked, uniq_crazy_yiuf_cottage, uniq_ijyb
D:5:      layout_cave_pools, minmay_temple_entry_large_hall
D:6:      layout_basic, nicolae_gozag_cash_rules_everything_around_me
D:7:      layout_rooms

Skill      XL: |  1  2  3  4 |
---------------+-------------+-----
Dodging        | 1 |  1.5
Throwing       | 2 |  2.5
Unarmed Combat | 1 |  1.1
Fighting       | 2 |  2.0
Stealth        | 3 |  3.0
Short Blades   | |  1.6
Polearms       | |  0.5
Evocations     | |  0.7

Action                   |  1- 3 |  4- 6 || total
-------------------------+-------+-------++-------
Melee: Unarmed           |    48 |       ||    48
       Punch             |     2 |       ||     2
       Spear             |    50 |    33 ||    83
       War axe           |       |     1 ||     1
Evoke: Wand              |       |     2 ||     2
  Use: Scroll            |     2 |     3 ||     5
       Potion            |       |     2 ||     2
 Stab: Sleeping          |     3 |     2 ||     5
Armor: Robe              |    36 |    10 ||    46
Dodge: Dodged            |    49 |    21 ||    70
